 Dungeon Crawl Stone Soup version 0.01-2087-gb5e28fc70b (webtiles) character file.

Game seed: 17821807323723246369, levelgen mode: deterministic

1565 sking99 the Ruffian (level 8, 71/71 HPs) Blue Draconian Demonspawn. Began on May 31, 2020. Quit the game in the Ecumenical Temple. The game lasted 00:08:17 (3612 turns).

sking99 the Ruffian (Blue Draconian Demonspawn)     Turns: 3612, Time: 00:08:18

Health: 71/71      AC: 14    Str: 19    XL:     8 ^: 562
Magic:  12/12      EV: 12    Int: 12    God:
Gold:   297        SH:  4    Dex: 11    Spells: 11/12 levels left

rFire    . . .     Vision   .   m - +0 buckler
rCold    . . .     Gourm    .     - Unarmed
rNeg     . . .     Faith    .   (armour unavailable)
rPois    .         Spirit   .   l - +2 hat
rElec    +         Reflect  .   (no cloak)
rCorr    .         Harm     .   (no gloves)
MR       .....                  (no boots)
Stlth    +.........             (no amulet)
HPRegen  0.33/turn              (no ring)
MPRegen  0.22/turn              (no ring)

@: no status effects
A: no body armour, unfitting armour, hooves 2, slimy green scales 1, demonic
guardian 1, powered by death 1, cold-blooded, air enhancer 1, rElec, AC +10
a: Breathe Lightning


You were in the Ecumenical Temple.
You were not hungry.

You visited 2 branches of the dungeon, and saw 5 of its levels.

You collected 297 gold pieces.

Inventory:

Shields
 m - a +0 buckler (shield)
Armour
 l - a +2 hat (worn)
Jewellery
 h - a cursed ring of wizardry {(Curse: *Drain rF-)}
 p - a cursed ring of poison resistance {(Curse: -Vis)}
Wands
 g - a wand of polymorph (2)
 n - a wand of flame (29)
Scrolls
 c - 2 scrolls of amnesia
 d - a scroll of fear
 e - 3 scrolls of enchantment
 f - a scroll of magic mapping
 i - 3 scrolls of blinking
 k - a scroll of fog
Potions
 a - 4 potions of ambrosia
 j - 2 potions of haste
Comestibles
 b - 13 rations


   Skills:
 + Level 6.5 Fighting
 - Level 3.3 Dodging
 - Level 1.5 Stealth
 + Level 2.3 Shields
 * Level 6.8 Unarmed Combat
 - Level 2.8 Spellcasting
   Level 3.0 Invocations


You had 11 spell levels left.
You knew the following spells:

 Your Spells              Type           Power        Failure   Level  Hunger
a - Flame Tongue          Fire           1 (40)       34%         1    #......

Your spell library contained the following spells:

 Spells                   Type           Power        Failure   Level  Hunger
 Blink                    Tloc           N/A          47%         2    ###....
 Call Imp                 Summ           1 (100)      47%         2    ###....
 Slow                     Hex            1 (100)      47%         2    ###....
 Conjure Flame            Fire           1 (100)      71%         3    ###....
 Mephitic Cloud           Pois/Air       2 (100)      71%         3    ###....


Dungeon Overview and Level Annotations

Branches:
Dungeon (4/8)              Temple (1/1) D:4

Altars:
Gozag
Hepliaklqana
Kikubaaqudgha
Makhleb
Qazlal
Ru
Sif Muna
Wu Jian
Xom
Zin
The Shining One
Jiyva


Innate Abilities, Weirdness & Mutations

You cannot fit into any form of body armour.
Your flickering blue scales are hard. (AC +10)
You can breathe wild blasts of lightning You have hoof-like feet.
You are partially covered in slimy green scales. (AC +2)
A weak demonic guardian rushes to your aid.
You regenerate a little health from kills.
You are cold-blooded and may be slowed by cold attacks.
You are in touch with the powers of the air.
Your flickering blue scales grant you resistance to electric shocks. (rElec)


Message History

A wyvern zombie comes into view.
There is a staircase to the Ecumenical Temple here.
You climb downwards.
Welcome to the Ecumenical Temple!
Found four altars.
There is a staircase back to the Dungeon here.
Unknown command.
Found an ancient bone altar of Kikubaaqudgha and a glowing silver altar of Zin.
Found a sacrificial altar of Ru and a hazy altar of Hepliaklqana.
Found a shimmering blue altar of Sif Muna.
There is a staircase back to the Dungeon here.
Found two viscous altars of Jiyva.
Found a stormy altar of Qazlal and an opulent altar of Gozag.
Found a burning altar of Makhleb.
There is a burning altar of Makhleb here.
There is a staircase back to the Dungeon here.
Done exploring.
All of the chunks of flesh in your inventory have rotted away.
Are you sure you want to abandon this character and quit the game? (Confirm with "yes".)
Okay, then.
Are you sure you want to abandon this character and quit the game? (Confirm with "yes".)

######### #########
###.......### ###...#...###
##..._..._...###..._..._...##
#.............#.............#
...........................##
.......<........@......._.##
...........................##
#.............#.............#
##..._..._...###..._..._...##
###.......### ###...#...###
######### #########


There were no monsters in sight!

Vanquished Creatures
  Erica (D:4)
  Sigmund (D:3)
  Edmund (D:3)
  An ice beast (D:4)
  An ogre (D:4)
  A big kobold (D:3)
  A scorpion (D:3)
  A hornet zombie (D:4)
  A crimson imp (D:3)
  A hound (D:3)
  An orc priest (D:4)
  2 iguanas (D:3)
  4 worker ants
  A bullfrog skeleton (D:4)
  3 bullfrog zombies
  A shadow imp (D:4)
  9 adders
  6 worms
  A hound zombie (D:2)
  3 oozes
  4 dart slugs
  6 leopard geckos
  4 orcs
  A ball python (D:2)
  5 bats (D:2)
  5 giant cockroaches
  6 hobgoblins
  2 quokkas
  9 frilled lizards
  4 goblins
  7 kobolds
  A leopard gecko skeleton (D:3)
  6 rats
101 creatures vanquished.

Vanquished Creatures (collateral kills)
  A bullfrog (D:4)
  2 crimson imps
3 creatures vanquished.

Grand Total: 104 creatures vanquished

Notes
Turn   | Place    | Note
-------+----------+-------------------------------------------
     0 | D:1      | sking99 the Immature Draconian Demonspawn began the quest
                  | for the Orb.
     0 | D:1      | Reached XP level 1. HP: 18/18 MP: 4/4
   184 | D:1      | Gained mutation: You are partially covered in slimy green
                  | scales. (AC +2) [demonic ancestry]
   184 | D:1      | Reached XP level 2. HP: 21/25 MP: 5/5
   511 | D:1      | Reached XP level 3. HP: 31/31 MP: 7/7
   805 | D:2      | Found an opulent altar of Gozag.
   898 | D:2      | Gained mutation: You regenerate a little health from kills.
                  | [demonic ancestry]
   898 | D:2      | Reached XP level 4. HP: 38/38 MP: 8/8
  1292 | D:2      | Gained mutation: A weak demonic guardian rushes to your
                  | aid. [demonic ancestry]
  1292 | D:2      | Reached XP level 5. HP: 44/46 MP: 9/9
  1727 | D:3      | Noticed Sigmund
  1735 | D:3      | Killed Sigmund
  1735 | D:3      | Gained mutation: You have large cloven feet. [demonic
                  | ancestry]
  1735 | D:3      | Reached XP level 6. HP: 30/53 MP: 10/10
  2058 | D:3      | Reached skill level 5 in Unarmed Combat
  2058 | D:3      | Your scales start taking on a flickering blue colour.
  2058 | D:3      | Reached XP level 7. HP: 60/60 MP: 11/11
  2058 | D:3      | Gained mutation: Your flickering blue scales grant you
                  | resistance to electric shocks. (rElec) [Blue Draconian
                  | growth]
  2058 | D:3      | Gained mutation: You are in touch with the powers of the
                  | air. [Blue Draconian growth]
  2158 | D:3      | Reached skill level 5 in Fighting
  2571 | D:3      | Noticed Edmund
  2583 | D:3      | Killed Edmund
  3182 | D:4      | Reached skill level 1 in Shields
  3344 | D:4      | Noticed Erica
  3356 | D:4      | Gained mutation: You have hoof-like feet. [demonic
                  | ancestry]
  3356 | D:4      | Reached XP level 8. HP: 45/70 MP: 12/12
  3367 | D:4      | Killed Erica
  3506 | D:4      | Found a staircase to the Ecumenical Temple.
  3514 | Temple   | Entered the Ecumenical Temple
  3612 | Temple   | Quit the game

Levels and vault maps discovered:
D:1:      lemuel_arrival_river_ford, layout_basic, minmay_misc_feat_columns,
          kennysheep_another_room, chequers_garden
D:2:      layout_basic, nicolae_gozag_seed_capital
D:3:      layout_gridville, first_ration, blue_anna_alchemist
          [blue_anna_fruit_fields, blue_anna_fruit_fields], uniq_sigmund,
          uniq_edmund
D:4:      layout_long_grid, kennysheep_mini, minmay_temple_entry_slanted,
          uniq_erica
Temple:   pf_slimified_temple

Skill      XL: |  1  2  3  4  5  6  7  8 |
---------------+-------------------------+-----
Unarmed Combat | 2 3 4 5 6 |  6.8
Fighting       | 3 4 5 6 |  6.5
Dodging        | 3 |  3.3
Shields        | 1 2 |  2.3
Stealth        | |  1.5
Spellcasting   | |  2.8
Invocations    | |  3.0

Action                   |  1- 3 |  4- 6 |  7- 9 || total
-------------------------+-------+-------+-------++-------
Melee: Unarmed           |   202 |   284 |   145 ||   631
       Tailslap          |    11 |    24 |    24 ||    59
       Kick              |       |    20 |    60 ||    80
 Abil: Breathe Lightning |       |       |     1 ||     1
  Use: Potion            |       |     1 |     1 ||     2
 Stab: Sleeping          |     1 |     3 |       ||     4
       Distracted        |       |       |     1 ||     1
  Eat: Chunk             |       |     4 |     5 ||     9
Armor: Skin              |    14 |    35 |    26 ||    75
Dodge: Dodged            |    43 |    58 |    37 ||   138
Block: Buckler           |       |     5 |    12 ||    17
